 Dungeon Crawl Stone Soup version 0.23-a0-181-g24f899a (webtiles) character file.

364 Ijustatesigmund the Chopper (level 6, -2/43 HPs)
             Began as an Octopode Gladiator on Sept 19, 2018.
             Slain by a gnoll
             ... wielding a +0 halberd
              (10 damage)
             ... on level 4 of the Dungeon.
             The game lasted 00:07:30 (3384 turns).

Ijustatesigmund the Chopper (Octopode Gladiator)    Turns: 3384, Time: 00:07:31

Health: -2/43      AC:  1    Str: 13    XL:     6   Next: 67%
Magic:  6/6        EV: 16    Int: 10    God:
Gold:   233        SH:  0    Dex: 16    Spells: 5/5 levels left

rFire    + . .     SeeInvis +   a - +1 war axe
rCold    . . .     Gourm    .   (no shield)
rNeg     . . .     Faith    .   b - +0 hat
rPois    .         Spirit   .   (no amulet)
rElec    .         Reflect  .   e - ring of see invisible
rCorr    .         Harm     .   i - ring of protection from fire
MR       .....                  g - +2 ring of evasion
Stlth    +++.......             (no ring)
HPRegen  0.14/turn              (no ring)
MPRegen  0.10/turn              (no ring)
                                (no ring)
                                (no ring)

@: no status effects
A: almost no armour, stealthy swim, amphibious, 8 rings, constrict 8, camouflage
1, gelatinous body 1
a: no special abilities


You were on level 4 of the Dungeon.
You were not hungry.

You visited 1 branch of the dungeon, and saw 4 of its levels.

You collected 233 gold pieces.

Inventory:

Hand Weapons
 a - a +1 war axe (weapon)
Missiles
 c - 6 throwing nets (quivered)
 j - 25 poisoned needles
Armour
 b - a +0 hat (worn)
Jewellery
 e - a ring of see invisible (left tentacle)
 g - a +2 ring of evasion (on tentacle)
 i - a ring of protection from fire (right tentacle)
Scrolls
 h - a scroll of fog
 o - 2 scrolls of remove curse
Potions
 f - a potion of flight
 k - 2 potions of curing
 l - a potion of lignification {unknown}
 m - a potion of haste
 n - a potion of degeneration {unknown}
 p - a potion of ambrosia
Comestibles
 d - 5 rations


   Skills:
 + Level 4.1 Fighting
 * Level 6.0 Axes
 - Level 2.0 Throwing
 - Level 3.0 Dodging
 + Level 1.9 Stealth


You had 5 spell levels left.
You didn't know any spells.
Your spell library was empty.

Dungeon Overview and Level Annotations

Branches:
Dungeon (4/15)
 Temple: D:4-7

Altars:

Shops:
D:4 (


Innate Abilities, Weirdness & Mutations

You cannot wear most types of armour.
You are very stealthy in the water. (Stealth+)
You are amphibious.
You can wear up to eight rings at the same time.
You can use your tentacles to constrict eight enemies at once.
Your skin changes colour to match your surroundings (Stealth+).
Your rubbery body absorbs attacks. (AC +1, EV +1)


Message History

The gnoll barely misses you. The gnoll hits you with a halberd!
You are too injured to fight recklessly!
You are too injured to fight recklessly!
You are too injured to fight recklessly!
You are too injured to fight recklessly!
You are too injured to fight recklessly!
You are too injured to fight recklessly!
You are too injured to fight recklessly!
You are too injured to fight recklessly!
You are too injured to fight recklessly!
You are too injured to fight recklessly!
You are too injured to fight recklessly!
You are too injured to fight recklessly!
You are too injured to fight recklessly!
You are too injured to fight recklessly!
You release your grip on the gnoll.
The gnoll hits you from afar with a spear!
* * * LOW HITPOINT WARNING * * *
The gnoll hits you from afar with a halberd!
You die...

## #g ##g###
.###∩g..####
........@...###...
###.......<......#
#..............##
#.#.......##...#
#. #......## #.# .
#......# .#
##....## # #....#
##...


You could see 3 gnolls.

Vanquished Creatures
  The ghost of KristoblXynda the Ruffian, an amateur TrWz (D:3)
  A wyvern zombie (D:2)
  An orc priest (D:4)
  A worker ant (D:4)
  3 adders
  4 gnolls (D:2)
  A howler monkey skeleton (D:4)
  2 oozes
  2 worms (D:2)
  A dart slug (D:1)
  A leopard gecko (D:2)
  6 orcs
  A ball python (D:1)
  5 bats
  5 giant cockroaches
  5 goblins
  5 hobgoblins
  7 jackals (D:1)
  7 kobolds
  5 frilled lizards
  9 rats
73 creatures vanquished.

Notes
Turn   | Place    | Note
-------+----------+-------------------------------------------
     0 | D:1      | Ijustatesigmund the Octopode Gladiator began the quest for
                  | the Orb.
     0 | D:1      | Reached XP level 1. HP: 14/14 MP: 1/1
   167 | D:1      | Reached XP level 2. HP: 14/19 MP: 2/2
   469 | D:1      | Reached XP level 3. HP: 11/25 MP: 3/3
  1056 | D:2      | Reached skill level 4 in Axes
  1281 | D:2      | Reached XP level 4. HP: 29/30 MP: 4/4
  1877 | D:2      | Reached XP level 5. HP: 36/36 MP: 5/5
  2022 | D:2      | Reached skill level 5 in Axes
  2346 | D:3      | You fall through a shaft!
  2414 | D:4      | Reached XP level 6. HP: 20/43 MP: 6/6
  2838 | D:3      | Reached skill level 1 in Stealth
  2881 | D:3      | Found a runed door.
  2881 | D:3      | Noticed KristoblXynda's ghost (amateur TrWz)
  3250 | D:3      | Killed KristoblXynda's ghost
  3250 | D:3      | Reached skill level 6 in Axes
  3379 | D:4      | Found Nonna's Weapon Emporium.
  3384 | D:4      | Slain by a gnoll

Vault maps used:
D:1:      dpeg_arrival_arbitrary_a
D:2:      first_ration, minmay_split_cup_large
D:3:      gammafunk_ghost_grave
D:4:      serial_shops, shop, saegor_snake_ambush

Skill      XL: |  1  2  3  4  5  6 |
---------------+-------------------+-----
Axes           | 4 5 6 |  6.0
Fighting       | 3 4 |  4.1
Stealth        | 1 |  1.9
Throwing       | |  2.0
Dodging        | |  3.0

Action                   |  1- 3 |  4- 6 || total
-------------------------+-------+-------++-------
Melee: War axe           |    50 |    77 ||   127
       Constrict         |    16 |    19 ||    35
       Tentacles         |     9 |    20 ||    29
Throw: Throwing net      |       |     3 ||     3
  Use: Scroll            |     3 |     7 ||    10
       Potion            |       |     6 ||     6
 Stab: Sleeping          |     3 |    10 ||    13
  Eat: Chunk             |     1 |     5 ||     6
       Ration            |       |     1 ||     1
Armor: Skin              |     7 |     4 ||    11
Dodge: Dodged            |    36 |    45 ||    81

Table legend:
 A = Non-vault XP
 B = Vault XP
 C = Vault XP percentage of total XP
 D = Non-vault monster count
 E = Vault monster count
 F = Vault count percentage of total count
                 A         B        C        D         E       F
            +---------+---------+-------+---------+---------+-------
      Total |     390 |     131 |  25.1 |      68 |       5 |   6.8
            +---------+---------+-------+---------+---------+-------
        D:1 |      36 |       0 |   0.0 |      20 |       0 |   0.0
        D:2 |     205 |       7 |   3.3 |      23 |       4 |  14.8
        D:3 |      47 |     124 |  72.5 |      17 |       1 |   5.6
        D:4 |     102 |       0 |   0.0 |       8 |       0 |   0.0
            +---------+---------+-------+---------+---------+-------
